Map: Ever Dream LE

Players

Kunamatata

  • Race: Terran Terran
  • League: Grandmaster
  • Spawn Location: 7:00

Napalm - Winner!

  • Race: Zerg Zerg
  • League: Master
  • Spawn Location: 1:00

VOD

Have the link to the VOD?

Description

Time

  • Played on: Aug. 6, 2020, 10:30 p.m.
  • Length: 10:16
Show
View Real Time Build Order
Export as new Build Order

Kunamatata Terran 

Build Orders: Reaper Expand 

Get SALT Encoding   

  12  0:00  SCV  
  13  0:12  SCV  
  14  0:16  Supply Depot  
  14  0:24  SCV  
  15  0:38  SCV  
  15  0:39  Barracks  
  16  0:43  Refinery  
  16  0:50  SCV  
  17  1:02  SCV  
  18  1:14  SCV  
  19  1:26  Orbital Command, Reaper  
  20  1:39  Command Center  
  20  1:48  Supply Depot  
  20  1:52  SCV  
  21  1:58  Marine  
  22  2:04  SCV  
  22  2:08  Factory  
  23  2:13  Refinery  
  23  2:16  SCV  
  23  2:17  Marine  
  25  2:33  SCV  
  25  2:35  Marine, Bunker  
  27  2:45  SCV  
  28  2:51  Orbital Command  
  28  2:54  Factory Tech Lab  
  28  2:59  Marine  
  28  3:02  SCV  
  30  3:13  Siege Tank  
  30  3:15  Starport  
  33  3:22  Marine  
  33  3:37  SCV  
  35  3:44  Supply Depot  
  35  3:45  Supply Depot  
  35  3:49  Orbital Command  
  35  3:51  Barracks Reactor  
  35  3:52  SCV  
  35  3:59  Banshee  
  35  4:01  Cloaking Field  
  38  4:04  SCV, Command Center  
  39  4:16  SCV  
  40  4:20  SCV, Barracks  
  40  4:21  Factory Reactor, Barracks  
  41  4:28  SCV  
  41  4:31  Marine x2  
  44  4:32  SCV  
  44  4:36  Supply Depot  
  45  4:40  SCV  
  45  4:43  Supply Depot  
  45  4:44  SCV  
  47  4:48  Banshee  
  47  4:52  SCV  
  51  4:53  Marine x2  
  51  4:56  SCV  
  51  4:59  Supply Depot  
  54  5:05  SCV  
  55  5:12  Barracks Reactor  
  55  5:13  Barracks Tech Lab  
  55  5:14  SCV  
  55  5:15  Marine x2  
  55  5:16  Orbital Command  
  55  5:17  SCV  
  59  5:22  Marine x2  
  59  5:26  SCV  
  62  5:29  SCV  
  62  5:31  Supply Depot  
  62  5:34  Marine x2  
  62  5:35  Marine  
  69  5:38  SCV, Stimpack  
  67  5:44  Marine x2  
  67  5:45  Starport Reactor, Siege Tank  
  67  5:47  SCV  
  67  5:48  SCV  
  73  5:52  Marine  
  73  5:54  Supply Depot  
  74  6:00  Marine x2  
  74  6:01  SCV x2  
  78  6:05  Engineering Bay x2  
  78  6:07  Orbital Command  
  78  6:08  Refinery  
  78  6:09  Refinery  
  78  6:12  Marine x3  
  78  6:18  Marine  
  82  6:19  Marine  
  82  6:21  Widow Mine  
  85  6:26  SCV x2  
  85  6:30  Marine x3  
  89  6:41  SCV x2, Missile Turret  
  89  6:42  Missile Turret  
  89  6:43  Marine x2  
  89  6:45  Supply Depot, SCV  
  94  6:47  Missile Turret  
  94  6:49  Marine x3  
  94  6:51  Terran Infantry Weapons Level 1  
  94  6:53  SCV, Terran Infantry Armor Level 1  
  98  6:59  Orbital Command  
  98  7:01  SCV  
  91  7:04  SCV  
  91  7:05  Marine x2, SCV  
  91  7:06  Marine  
  93  7:12  Medivac x2  
  93  7:13  SCV  
  98  7:17  SCV, Armory  
  99  7:25  SCV  
  100  7:31  Marine x4  
  100  7:32  Marine  
  100  7:35  Orbital Command  
  104  7:38  SCV x2  
  104  7:44  Siege Tank  
  104  7:45  Medivac x2  
  104  7:49  Marine x2  
  104  7:50  SCV x2  
  115  7:54  Barracks x2  
  115  7:55  Barracks x2  
  114  8:01  Missile Turret  
  114  8:02  SCV  
  114  8:03  SCV x2, Marine  
  118  8:11  Missile Turret  
  117  8:12  Marine x2  
  117  8:13  Marine  
  117  8:14  SCV  
  117  8:17  Barracks Tech Lab  
  117  8:18  Widow Mine, Drilling Claws  
  123  8:20  SCV  
  123  8:21  SCV  
  125  8:32  Supply Depot x3  
  125  8:33  Supply Depot  
  125  8:44  Marine  
  125  8:45  SCV  
  125  8:46  Marine  
  125  8:50  SCV  
  125  8:51  Marine  
  125  8:52  Marine  
  125  8:53  Marine x4  
  117  8:57  SCV  
  117  9:02  Marine, SCV  
  113  9:04  Marine x2  
  113  9:06  Medivac x2  
  113  9:09  Marine x2, SCV  
  121  9:10  Marine  
  121  9:11  Marine  
  121  9:14  SCV  
  124  9:20  Marine x3  
  124  9:21  SCV  
  125  9:24  Supply Depot x2  
  125  9:25  Marine x2  
  125  9:26  Supply Depot  
  125  9:27  Supply Depot, Marine, SCV  
  125  9:29  Marine x2  
  125  9:30  Marine  
  89  9:39  Marine  
  89  9:40  Marine x2  
  89  9:43  Marine  
  66  9:46  Orbital Command, SCV  
  66  9:50  SCV  
  42  10:01  SCV  
  42  10:02  SCV  
Show
View Real Time Build Order
Export as new Build Order

Napalm Zerg - Winner!

Build Orders: Pool First 

Get SALT Encoding   

  12  0:00  Drone  
  13  0:13  Overlord  
  13  0:16  Drone  
  14  0:31  Drone x2  
  16  0:36  Drone  
  17  0:46  Spawning Pool  
  17  0:47  Drone  
  17  0:56  Drone  
  18  1:13  Extractor  
  18  1:14  Hatchery  
  18  1:18  Drone  
  17  1:20  Drone  
  18  1:33  Queen  
  18  1:36  Zergling x2  
  21  1:48  Roach Warren  
  20  1:56  Overlord  
  21  2:15  Drone  
  21  2:28  Roach x2  
  21  2:29  Roach  
  27  2:30  Drone  
  27  2:32  Queen  
  30  2:38  Queen  
  32  2:44  Drone  
  32  2:49  Drone x2  
  34  2:56  Overlord  
  34  3:08  Lair  
  34  3:10  Drone  
  34  3:12  Drone  
  36  3:14  Drone  
  36  3:18  Drone  
  38  3:23  Drone x2  
  40  3:35  Extractor x2  
  40  3:37  Drone, Extractor  
  40  3:38  Overlord  
  38  3:49  Overlord  
  38  3:56  Drone x2  
  38  3:58  Drone x4  
  44  4:09  Drone x3  
  47  4:20  Drone  
  47  4:21  Drone, Spire  
  48  4:24  Drone  
  48  4:29  Metabolic Boost  
  49  4:37  Drone x3  
  52  4:41  Overlord  
  52  4:57  Overlord  
  52  5:00  Drone x2  
  52  5:01  Drone  
  52  5:03  Overlord  
  55  5:21  Overlord  
  55  5:33  Mutalisk x4  
  55  5:34  Mutalisk x3  
  69  5:38  Mutalisk  
  71  5:44  Extractor, Mutalisk x2  
  75  5:51  Hatchery  
  75  5:53  Drone x2  
  75  5:55  Glial Reconstitution  
  75  5:56  Drone  
  75  5:57  Drone  
  78  6:05  Drone x2, Evolution Chamber  
  78  6:06  Drone  
  80  6:11  Evolution Chamber  
  80  6:12  Overseer  
  80  6:16  Roach x2  
  83  6:20  Overlord  
  83  6:35  Overlord x2  
  83  6:40  Overseer  
  83  6:46  Roach x3  
  83  6:47  Roach  
  91  6:49  Zerg Ground Armor Level 1, Zerg Missile Weapons Level 1  
  91  6:50  Overlord  
  91  6:59  Roach x5  
  99  7:11  Roach x2  
  99  7:14  Drone x3  
  106  7:17  Queen x2  
  110  7:27  Roach x3  
  116  7:35  Roach x2  
  116  7:36  Roach  
  122  7:43  Overlord  
  122  7:58  Overlord x2  
  120  8:06  Roach, Overlord  
  120  8:07  Roach x4  
  130  8:18  Roach x9  
  146  8:21  Overlord  
  146  8:29  Overlord  
  146  8:31  Roach x2  
  132  8:56  Roach x2  
  132  8:57  Roach x7  
  132  9:01  Ravager x3  
  132  9:02  Ravager  
  152  9:07  Corruptor x3  
  156  9:14  Drone x7  
  134  9:38  Roach  
  134  9:39  Roach x9  
  129  9:47  Ravager  
  129  9:48  Ravager  
  129  9:50  Roach x3  
  119  10:12  Extractor  
  119  10:13  Extractor  
Tags
 
Add a new tag
Caveats
  • Supply blocks, unpowered buildings, or Contaminate may cause inaccurate times.
  • Supply counts are checked every 10 seconds.